 Dungeon Crawl Stone Soup version 0.24-a0-497-g5a03d68f59 (webtiles) character file.

Game seed: 6028108564119524135

360 KristoblXynda the Charmwright (level 6, -2/30 HPs)
             Began as a Spriggan Skald on July 13, 2019.
             Was a Follower of Dithmenos.
             Slain by a worker ant (6 damage)
             ... on level 4 of the Dungeon.
             The game lasted 00:07:38 (5051 turns).

KristoblXynda the Charmwright (Spriggan Skald)      Turns: 5051, Time: 00:07:38

Health: -2/30      AC:  3    Str:  8    XL:     6   Next: 38%
Magic:  11/14      EV: 19    Int: 16    God:    Dithmenos [*.....]
Gold:   128        SH:  0    Dex: 15    Spells: 7/14 levels left

rFire    . . .     SeeInvis +   n - +0 dagger
rCold    . . .     Gourm    .   (shield restricted)
rNeg     . . .     Faith    .   b - +0 robe
rPois    .         Spirit   .   (helmet restricted)
rElec    .         Reflect  .   a - +0 cloak
rCorr    .         Harm     .   (gloves unavailable)
MR       +....                  (boots unavailable)
Stlth    +++.......             (no amulet)
HPRegen  0.10/turn              (no ring)
MPRegen  0.14/turn              (no ring)

@: lethally poisoned (-2 -> -15), infused, wreathed by umbra, very quick
A: very small, unfitting armour, see invisible, herbivore, speed 3, slow
metabolism 2
a: Renounce Religion


You were on level 4 of the Dungeon.
You worshipped Dithmenos.
Dithmenos was aware of your devotion.
You were not hungry.

You visited 1 branch of the dungeon, and saw 4 of its levels.

You collected 128 gold pieces.

Inventory:

Hand Weapons
 n - a +0 dagger (weapon)
Armour
 a - a +0 cloak (worn)
 b - a +0 robe (worn)
Jewellery
 o - an uncursed ring of fire
Scrolls
 e - 2 scrolls of identify
 f - 2 scrolls of teleportation {unknown}
 g - a scroll of blinking {unknown}
 h - a scroll of fog {unknown}
 i - a scroll of immolation {unknown}
 l - 3 scrolls of remove curse {unknown}
Potions
 c - a potion of ambrosia
 j - a potion of brilliance
 k - a potion of curing
 m - 2 potions of might
Comestibles
 d - 5 rations


   Skills:
 - Level 2.0 Fighting
 - Level 3.0 Short Blades
 - Level 4.1 Dodging
 + Level 4.2 Stealth
 + Level 4.7 Spellcasting
 + Level 6.4 Charms
 + Level 1.8 Invocations


You had 7 spell levels left.
You knew the following spells:

 Your Spells              Type           Power        Failure   Level  Hunger
a - Infusion              Chrm           ###.         1%          1    None
b - Regeneration          Chrm/Necr      ##........   13%         3    ###....
c - Spectral Weapon       Hex/Chrm       ##......     13%         3    ###....

Your spell library contained the following spells:

 Spells                   Type           Power        Failure   Level  Hunger
 Song of Slaying          Chrm           ###.....     1%          2    ##.....
 Shroud of Golubria       Chrm/Tloc      ##....       6%          2    ##.....


Dungeon Overview and Level Annotations

Branches:
Dungeon (4/15)
 Temple: D:4-7

Altars:
Dithmenos


Innate Abilities, Weirdness & Mutations

You are very small and have problems with some larger weapons.
You are too small for most types of armour.
You have supernaturally acute eyesight. (SInv)
You are a herbivore.
You cover ground extremely quickly.
You need to consume almost no food.


Message History

The worker ant poisons you!
You hit the worker ant.
The worker ant is lightly wounded.
You feel sick. The worker ant misses you.
You hit the worker ant.
The worker ant is moderately wounded.
You feel sick. The worker ant bites you.
* * * LOW HITPOINT WARNING * * *
You are lethally poisoned!
The worker ant poisons you!
You closely miss the worker ant.
The worker ant is moderately wounded.
* * * LOW HITPOINT WARNING * * *
You feel sick. The worker ant bites you.
* * * LOW HITPOINT WARNING * * *
You hit the worker ant.
The worker ant is moderately wounded.
* * * LOW HITPOINT WARNING * * *
You feel sick. The worker ant bites you.
You die...

...........#.......#
.......#...........#
.....##....<.....###
..#
..........)..†...###
..###
.........#.........#
....
.........#.........#
...
.........)......#.##
.##
.........#..#.(##.#
..#
....####@#.##......
.###. ....
#a#.##.....# .....
... ....#......#
..... .#
..........### ...#.
...........# ...#
..........### ..#..
#.........# .....
.#.......(# .....


You could see a worker ant.

Vanquished Creatures
  A centaur (D:3)
  A scorpion (D:4)
  A centaur skeleton (D:4)
  An orc wizard (D:3)
  2 worker ants
  3 adders
  3 worms
  5 dart slugs
  4 leopard geckos
  4 orcs
  8 giant cockroaches
  9 goblins
  7 hobgoblins
  3 jackals (D:3)
  8 kobolds
  A ball python (D:2)
  8 bats
  A frilled lizard (D:1)
  4 rats
74 creatures vanquished.

Notes
Turn   | Place    | Note
-------+----------+-------------------------------------------
     0 | D:1      | KristoblXynda the Spriggan Skald began the quest for the
                  | Orb.
     0 | D:1      | Reached XP level 1. HP: 10/10 MP: 5/5
   426 | D:1      | Reached XP level 2. HP: 7/14 MP: 6/6
  1195 | D:1      | Reached XP level 3. HP: 16/18 MP: 8/8
  1331 | D:1      | Learned a level 3 spell: Regeneration
  1834 | D:2      | Reached skill level 5 in Charms
  2062 | D:2      | Found a shadowy altar of Dithmenos.
  2124 | D:2      | Became a worshipper of Dithmenos the Shadowed
  2243 | D:2      | Reached skill level 1 in Stealth
  2877 | D:2      | Reached XP level 4. HP: 18/22 MP: 5/10
  3300 | D:3      | Noticed a centaur
  3693 | D:3      | Reached * piety under Dithmenos
  4093 | D:3      | Reached XP level 5. HP: 23/26 MP: 6/12
  4294 | D:3      | Killed a centaur
  4294 | D:3      | Reached skill level 6 in Charms
  4294 | D:3      | Reached skill level 1 in Invocations
  4855 | D:4      | Reached XP level 6. HP: 26/30 MP: 8/13
  4935 | D:4      | Learned a level 3 spell: Spectral Weapon
  5051 | D:4      | Slain by a worker ant

Levels and vault maps discovered:
D:1:      lightli_iron_boxes, layout_loops_corners, st_stairs_9,
          corner_web_ring, minmay_misc_feat_x
D:2:      layout_basic, grunt_dithmenos_smoke_and_mirrors
D:3:      layout_basic
D:4:      layout_cave_pools, minmay_misc_feat_room

Skill      XL: |  1  2  3  4  5  6 |
---------------+-------------------+-----
Spellcasting   | 3 4 |  4.7
Dodging        | 4 |  4.1
Charms         | 5 6 |  6.4
Stealth        | 1 2 3 4 |  4.2
Short Blades   | 3 |  3.0
Fighting       | 2 |  2.0
Invocations    | 1 |  1.8

Action                   |  1- 3 |  4- 6 || total
-------------------------+-------+-------++-------
Melee: Short sword       |   166 |   107 ||   273
       Dagger            |       |    74 ||    74
 Cast: Infusion          |     7 |    10 ||    17
  Use: Scroll            |       |     5 ||     5
       Potion            |       |     2 ||     2
 Stab: Sleeping          |     5 |     2 ||     7
  Eat: Ration            |       |     1 ||     1
Armor: Robe              |    14 |    17 ||    31
Dodge: Dodged            |   120 |   154 ||   274

Table legend:
 A = Non-vault XP
 B = Vault XP
 C = Vault XP percentage of total XP
 D = Non-vault monster count
 E = Vault monster count
 F = Vault count percentage of total count
                 A         B        C        D         E       F
            +---------+---------+-------+---------+---------+-------
      Total |     511 |       4 |   0.8 |      72 |       2 |   2.7
            +---------+---------+-------+---------+---------+-------
        D:1 |      48 |       4 |   7.7 |      23 |       2 |   8.0
        D:2 |      55 |       0 |   0.0 |      18 |       0 |   0.0
        D:3 |     254 |       0 |   0.0 |      26 |       0 |   0.0
        D:4 |     154 |       0 |   0.0 |       5 |       0 |   0.0
            +---------+---------+-------+---------+---------+-------
